 Dungeon Crawl Stone Soup version 0.25-a0-166-g16436c4407 (webtiles) character file.

Game seed: 3862631040687159330, levelgen mode: deterministic

13413 Leeroy the Destroyer (level 11, -5/94 HPs)
             Began as a Yellow Draconian Conjurer on Nov 24, 2019.
             Was a High Priest of Okawaru.
             Slain by a five-headed hydra (10 damage)
             ... on level 11 of the Dungeon.
             The game lasted 01:23:19 (29838 turns).

Leeroy the Destroyer (Yellow Draconian Conjurer)   Turns: 29838, Time: 01:23:20

Health: -5/94      AC: 10    Str: 12    XL:     11   Next: 75%
Magic:  21/21      EV: 18    Int: 17    God:    Okawaru [*****.]
Gold:   797        SH:  0    Dex: 12    Spells: 1/24 levels left

rFire    . . .     SeeInvis .   t - +0 hand axe (flame)
rCold    . . .     Gourm    .   (no shield)
rNeg     . . .     Faith    .   (armour unavailable)
rPois    .         Spirit   .   (helmet restricted)
rElec    .         Reflect  .   p - scarf {cloud immunity}
rCorr    +         Harm     .   f - +0 pair of gloves
MR       .....                  (no boots)
Stlth    +.........             h - amulet of rage
HPRegen  0.25/turn              R - +2 ring of evasion
MPRegen  0.17/turn              W - +2 ring of protection

@: confused
A: spit acid, unfitting armour, cold-blooded, acid resistance, AC +7
a: Breathe Acid, Heroism, Finesse, Renounce Religion, Evoke Berserk Rage


You were on level 11 of the Dungeon.
You worshipped Okawaru.
Okawaru was extremely pleased with you.
You were not hungry.

You visited 4 branches of the dungeon, and saw 15 of its levels.

You collected 797 gold pieces.

Inventory:

Hand Weapons
 d - a +2 rapier of holy wrath
 g - a +2 falchion of holy wrath
 m - a +3 scimitar
 t - a +0 hand axe of flaming (weapon)
 z - a +2 dagger of electrocution
 C - a +1 long sword of freezing
 I - a +5 dagger
 J - the +6 trident "Adghor" {antimagic, +Rage}
   (Okawaru gifted it to you on level 11 of the Dungeon)

   It reduces the magical energy of the wielder, and disrupts the spells and
   magical abilities of those hit.
   Natural abilities and divine invocations are not affected.
   It lets you go berserk.
 N - a +4 falchion
 P - a +0 scimitar
 T - a +3 short sword of speed
Missiles
 l - 3 boomerangs (quivered)
 s - 6 javelins
 A - 23 poisoned darts
 L - 2 throwing nets
 M - 3 curare-tipped darts
Armour
 f - a +0 pair of gloves (worn)
 p - a scarf of cloud immunity (worn)
 H - a +0 robe
 X - a +0 buckler
Magical Staves
 Y - an uncursed staff of fire
Jewellery
 c - an uncursed ring of protection from cold
 h - an amulet of rage (around neck)
 q - an uncursed ring of positive energy
 R - a +2 ring of evasion (left hand)
 V - an uncursed ring of flight
 W - a +2 ring of protection (right hand)
Wands
 v - a wand of scattershot (7)
 x - a wand of enslavement (8)
 S - a wand of acid (6)
 Z - a wand of polymorph (2)
Scrolls
 a - a scroll of enchant armour {unknown}
 e - 2 scrolls of amnesia
 k - 6 scrolls of remove curse
 r - 2 scrolls of teleportation
 u - 2 scrolls of magic mapping
 w - a scroll of immolation {unknown}
 y - 4 scrolls of enchant weapon
 E - a scroll of vulnerability {unknown}
 K - a scroll of fog {unknown}
 O - a scroll of noise {unknown}
Potions
 i - a potion of mutation {unknown}
 j - a potion of magic
 o - a potion of haste {unknown}
 B - a potion of degeneration {unknown}
 D - 4 potions of might
 G - a potion of lignification {unknown}
 Q - 2 potions of brilliance
Comestibles
 b - 18 rations


   Skills:
 + Level 7.9 Fighting
 - Level 5.0(7.6) Short Blades
 - Level 9.0(9.5) Long Blades
 - Level 1.8 Axes
 - Level 7.7 Dodging
 - Level 1.7 Stealth
 - Level 7.1 Spellcasting
 - Level 9.0 Conjurations
 - Level 2.6 Translocations
 - Level 2.6 Fire Magic


You had one spell level left.
You knew the following spells:

 Your Spells              Type           Power        Failure   Level  Hunger
a - Sticky Flame          Conj/Fire      ####....     11%         4    ####...
b - Searing Ray           Conj           #####.       1%          2    None
c - Iskenderun's Mystic   Conj           #####...     2%          4    ####...
d - Dazzling Spray        Conj/Hex       ###...       5%          3    ##.....
e - Force Lance           Conj/Tloc      ####....     11%         4    ####...
f - Inner Flame           Hex/Fire       ##......     21%         3    ##.....
g - Conjure Flame         Conj/Fire      ####....     3%          3    ##.....

Your spell library contained the following spells:

 Spells                   Type           Power        Failure   Level  Hunger
 Flame Tongue             Conj/Fire      ####.        1%          1    None
 Magic Dart               Conj           ####         1%          1    None
 Apportation              Tloc           ##....       4%          1    None
 Animate Skeleton         Necr           N/A          12%         1    None
 Confusing Touch          Hex            #.....       12%         1    None
 Summon Small Mammal      Summ           #...         12%         1    None
 Throw Flame              Conj/Fire      ####..       1%          2    None
 Gell's Gravitas          Tloc           ##........   12%         3    ##.....
 Call Imp                 Summ           #.......     17%         2    None
 Fulminant Prism          Conj/Hex       ###.......   19%         4    ####...
 Fireball                 Conj/Fire      ####......   28%         5    #####..
 Call Canine Familiar     Summ           #.......     34%         3    ##.....
 Confuse                  Hex            #.......     34%         3    ##.....
 Summon Guardian Golem    Hex/Summ       #.......     34%         3    ##.....
 Petrify                  Tmut/Erth      #.......     75%         4    ####...
 Summon Ice Beast         Ice/Summ       #.......     75%         4    ####...
 Summon Lightning Spire   Summ/Air       #.......     75%         4    ####...
 Metabolic Englaciation   Hex/Ice        #.........   97%         5    #####..
 Yara's Violent Unravell  Hex/Tmut       #.........   97%         5    #####..


Dungeon Overview and Level Annotations

Branches:
Dungeon (12/15)            Temple (1/1) D:5            Lair (1/6) D:9
    Orc (1/2) D:10

Altars:
Cheibriados
Elyvilon
Fedhas
Makhleb
Nemelex Xobeh
Okawaru
Sif Muna
Trog
Vehumet
Wu Jian
Xom
Yredelemnul
Zin
The Shining One

Shops:
D:12 [

Annotations:
D:7 2 runed translucent doors, Crazy Yiuf; Ratty's ghost, novice MiFi
D:9 2 transporters


Innate Abilities, Weirdness & Mutations

You can spit globs of acid.
Your golden yellow scales are hard. (AC +7)
You cannot fit into any form of body armour.
You are cold-blooded and may be slowed by cold attacks.
You are resistant to acid. (rCorr)


Message History

* * * LOW HITPOINT WARNING * * *
The five-headed hydra bites you!
* * * LOW HITPOINT WARNING * * *
Unknown command.
You're too confused to move!
The five-headed hydra closely misses you.
The five-headed hydra barely misses you.
The five-headed hydra completely misses you.
The five-headed hydra bites you but does no damage.
The five-headed hydra bites you.
* * * LOW HITPOINT WARNING * * *
You're too confused to move!
You feel like a meek peon again.
The five-headed hydra closely misses you.
The five-headed hydra bites you!
* * * LOW HITPOINT WARNING * * *
The five-headed hydra barely misses you.
The five-headed hydra closely misses you.
The five-headed hydra bites you!
You die...

.###
#............# ##
#............#
########...### #
##.....#### #
#.........# ###
#.........# ..#
#.........# ..#
#.........# ..#
#.......D@#
..######.......<.#
..'....'.........#
..######.........#
..# #.....[...#
..# #.........#
### ######'####
#..# #.##


You could see a five-headed hydra.

Vanquished Creatures
  A hydra (D:8)
  A two-headed ogre (D:8)
  A manticore (D:11)
  A spiny frog (Lair:1)
  Psyche (D:10)
  A kobold demonologist (D:11)
  2 hornets
  A hippogriff (D:10)
  2 dream sheep (D:8)
  A wyvern (D:10)
  2 yaks (D:8)
  A vampire (D:10)
  2 hungry ghosts
  Menkaure (D:7)
  A warg (D:8)
  Duvessa (D:6)
  A soldier ant (D:10)
  2 water moccasins
  An acid dragon (D:11)
  6 orc warriors
  3 sky beasts
  A black bear (D:11)
  5 ice beasts
  2 necrophages
  2 phantoms
  3 ogres
  6 centaurs
  2 crocodiles
  9 big kobolds
  7 bullfrogs
  A gnoll sergeant (D:5)
  3 scorpions
  Dowan (D:6)
  A water moccasin skeleton (D:9)
  17 wights
  2 howler monkeys
  4 spriggan skeletons (D:9)
  3 bullfrog zombies
  5 crimson imps
  A quasit (D:7)
  A centaur zombie (D:11)
  7 hounds
  2 bullfrog skeletons
  4 jellies
  7 centaur skeletons
  8 orc priests
  7 iguanas
  22 orc wizards
  3 hell rats (Lair:1)
  11 worker ants
  A hound zombie (D:10)
  A hound skeleton (D:7)
  14 gnolls
  A howler monkey skeleton (D:4)
  18 adders
  6 river rats (Lair:1)
  3 oozes
  7 worms
  2 dart slugs
  7 leopard geckos
  50 orcs
  7 giant cockroaches
  12 goblins
  5 hobgoblins
  14 jackals
  6 quokkas
  2 ball pythons
  7 bats
  6 frilled lizards
  17 kobolds
  A leopard gecko skeleton (D:7)
  7 rats
374 creatures vanquished.

Vanquished Creatures (others)
  An orc wizard (D:10)
1 creature vanquished.

Grand Total: 375 creatures vanquished

Notes
Turn   | Place    | Note
-------+----------+-------------------------------------------
     0 | D:1      | Leeroy the Draconian Conjurer began the quest for the Orb.
     0 | D:1      | Reached XP level 1. HP: 14/14 MP: 3/3
   889 | D:1      | Reached XP level 2. HP: 13/20 MP: 5/5
  1129 | D:1      | Reached skill level 5 in Conjurations
  1135 | D:1      | Reached XP level 3. HP: 24/26 MP: 6/6
  1907 | D:1      | Learned a level 2 spell: Searing Ray
  2309 | D:2      | Reached XP level 4. HP: 24/33 MP: 7/7
  2371 | D:2      | Learned a level 4 spell: Iskenderun's Mystic Blast
  2802 | D:2      | Found a glowing silver altar of Zin.
  2802 | D:2      | Noticed an angel
  2806 | D:2      | Found a shimmering altar of Xom.
  3998 | D:3      | Reached XP level 5. HP: 25/38 MP: 8/8
  4925 | D:4      | Reached XP level 6. HP: 31/45 MP: 6/9
  5729 | D:5      | Entered Level 5 of the Dungeon
  5729 | D:5      | Found a staircase to the Ecumenical Temple.
  5754 | Temple   | Entered the Ecumenical Temple
  5760 | Temple   | Became a worshipper of Warmaster Okawaru
  6307 | D:5      | Found a shimmering blue altar of Sif Muna.
  6342 | D:5      | Your scales start taking on a golden yellow colour.
  6342 | D:5      | Reached XP level 7. HP: 48/50 MP: 10/10
  6342 | D:5      | Gained mutation: You are resistant to acid. (rCorr) [Yellow
                  | Draconian growth]
  7196 | D:5      | Reached * piety under Okawaru
  8022 | D:6      | Learned a level 3 spell: Dazzling Spray
  8027 | D:6      | Learned a level 4 spell: Force Lance
  8761 | D:6      | Reached XP level 8. HP: 24/57 MP: 6/15
  8995 | D:6      | Reached skill level 5 in Spellcasting
  9149 | D:6      | Reached skill level 1 in Translocations
  9879 | D:5      | HP: 2/57 [ogre/+0 giant club (2)]
  9887 | D:5      | HP: 1/57 [poisoned by a worker ant]
 11124 | D:5      | Learned a level 3 spell: Inner Flame
 11154 | D:5      | Reached ** piety under Okawaru
 11628 | D:6      | Reached skill level 1 in Fighting
 11971 | D:6      | Reached XP level 9. HP: 63/69 MP: 12/19
 12511 | D:6      | Reached skill level 5 in Fighting
 12687 | D:6      | Reached *** piety under Okawaru
 13136 | D:7      | Found a runed translucent door.
 13137 | D:7      | Noticed Crazy Yiuf
 13173 | D:7      | Noticed Dowan
 13220 | D:7      | Noticed Duvessa
 13431 | D:6      | Killed Dowan
 13431 | D:6      | Reached skill level 1 in Fire Magic
 13443 | D:6      | Killed Duvessa
 13864 | D:7      | Learned a level 3 spell: Conjure Flame
 13950 | D:7      | Reached skill level 1 in Short Blades
 14231 | D:7      | Found a runed translucent door.
 14231 | D:7      | Found a shimmering altar of Xom.
 14231 | D:7      | Noticed a +2 falchion of chaos
 14231 | D:7      | Noticed Ratty's ghost (novice MiFi)
 14479 | D:7      | Noticed Menkaure
 14490 | D:7      | Killed Menkaure
 15222 | D:7      | Reached skill level 5 in Short Blades
 15392 | D:8      | Found a white marble altar of Elyvilon.
 15403 | D:8      | Reached **** piety under Okawaru
 15492 | D:8      | Reached XP level 10. HP: 32/81 MP: 17/20
 15509 | D:8      | HP: 4/81 [orc/exploding inner flame[the player character]
                  | (32)]
 16663 | D:8      | Found a blossoming altar of Fedhas.
 16663 | D:8      | Found a radiant altar of Vehumet.
 16663 | D:8      | Found a burning altar of Makhleb.
 16669 | D:8      | Found a sparkling altar of Nemelex Xobeh.
 16878 | D:8      | HP: 1/81 [yak (16)]
 17241 | D:8      | Reached skill level 5 in Dodging
 17313 | D:8      | Noticed a three-headed hydra
 17325 | D:8      | Killed a one-headed hydra
 17325 | D:8      | Reached ***** piety under Okawaru
 17325 | D:8      | Reached skill level 1 in Axes
 17481 | D:9      | Found a transporter.
 17860 | D:9      | Received a gift from Okawaru
 18252 | D:9      | Noticed a deep elf knight
 18252 | D:9      | Noticed a fire crab
 18418 | D:9      | Found a transporter.
 18543 | D:9      | Reached skill level 1 in Long Blades
 18562 | D:9      | Found a staircase to the Lair.
 18979 | Lair:1   | Entered Level 1 of the Lair of Beasts
 19381 | Lair:1   | Noticed a spiny frog
 19415 | Lair:1   | Killed a spiny frog
 19733 | Lair:1   | Noticed a spiny frog
 19748 | Lair:1   | Noticed a spiny frog
 20262 | D:10     | Entered Level 10 of the Dungeon
 20307 | D:9      | HP: 2/84 [troll (6)]
 20836 | D:8      | Reached XP level 11. HP: 43/91 MP: 4/21
 21323 | D:10     | Noticed a two-headed ogre
 21854 | D:8      | Killed a two-headed ogre
 21854 | D:8      | Reached skill level 5 in Long Blades
 22347 | D:10     | Noticed Psyche
 22545 | D:10     | Killed Psyche
 23182 | D:10     | Found a staircase to the Orcish Mines.
 25469 | D:11     | Received a gift from Okawaru
 25471 | D:11     | Got a slimy trident {god gift}
 25472 | D:11     | Identified the +6 trident "Adghor" {antimagic, +Rage}
                  | (Okawaru gifted it to you on level 11 of the Dungeon)
 26875 | D:11     | Paralysed by a hornet for 3 turns
 27580 | D:12     | Found Cheibriados's Comfort Zone.
 27580 | D:12     | Found a snail-covered altar of Cheibriados.
 27594 | D:12     | Noticed a brown ugly thing
 27649 | D:11     | Learned a level 4 spell: Sticky Flame
 27687 | D:12     | Noticed a two-headed ogre
 28853 | Orc:1    | Entered Level 1 of the Orcish Mines
 29805 | D:11     | Noticed a seven-headed hydra
 29838 | D:11     | Slain by a five-headed hydra

Levels and vault maps discovered:
D:1:      mrwooster_arrival_statue_3, layout_loops_ring
D:2:      layout_rooms, grunt_temple_overflow_order_and_chaos_1,
          kennysheep_generic_room_5
D:3:      layout_rooms
D:4:      layout_basic, first_ration, due_unseen_surprise
D:5:      layout_loops_ring, minmay_temple_entry_statues,
          minmay_stone_trees_small, hangedman_decor_peaks_small,
          chequers_avenue, led_sif_pool
D:6:      cheibrodos_fzero, layout_loops_corners, serial_glass, glass_columns_b,
          glass_columns_c, glass_columns_a, glass_columns_c, glass_columns_c,
          glass_columns_c, glass_columns_a, glass_columns_c, glass_columns_b,
          glass_columns_c, glass_columns_a, glass_columns_a, glass_columns_b,
          glass_columns_a, minmay_a_box_with_orc_wizards_in_it
D:7:      layout_gridville, ebering_ghost_xom, uniq_menkaure, uniq_duvessa,
          uniq_crazy_yiuf_cottage
D:8:      layout_rooms, chequers_temple_overflow_statue_of_worship,
          minmay_misc_feat_enclosed, hangedman_ranch [blue_anna_fruit_fields],
          dk_noncrumbling_4, elyvilon_altar_5
D:9:      gammafunk_wand_slinger, layout_irregular_city, lair_entry_dummy,
          grunt_decor_fettered, hangedman_tell_no_tales
D:10:     minmay_thinvault, layout_irregular_city, erik_orc_4,
          serial_co_window_serial, co_window_cross_1, co_window_cross_1,
          co_window_paths_a, co_window_paths_a, co_window_paths_b,
          co_window_cross_3, co_window_corner_cb, co_window_of_opportunity_b,
          co_window_of_opportunity_b, co_window_paths_c, glass_columns_b,
          glass_columns_c, uniq_psyche
D:11:     layout_roguey
D:12:     layout_cave_pools, minmay_shop_chei, minmay_strange_pillars,
          wad_floor_pattern_1, minmay_strange_pillars, guppyfry_shop_blood
Temple:   eino_temple_rhombus
Lair:1:   layout_hall_layers, kennysheep_abandoned_house, grunt_megastairs_1
Orc:1:    layout_caves, basic_altar

Skill      XL: |  1  2  3  4  5  6  7  8  9 10 11 |
---------------+----------------------------------+-----
Conjurations   | 5 6 7 8 9 |  9.0
Spellcasting   | 4 7 |  7.1
Translocations | 2 |  2.6
Fighting       | 3 6 7 |  7.9
Fire Magic     | 2 |  2.6
Short Blades   | 5 |  5.0
Dodging        | 2 7 |  7.7
Axes           | 1 |  1.8
Long Blades    | 3 9 |  9.0
Stealth        | |  1.7

Action                   |  1- 3 |  4- 6 |  7- 9 | 10-12 || total
-------------------------+-------+-------+-------+-------++-------
Melee: Unarmed           |    20 |       |       |       ||    20
       Short sword       |    96 |     2 |   508 |   326 ||   932
       Tailslap          |    16 |    22 |    73 |   101 ||   212
       Quarterstaff      |    15 |   208 |       |       ||   223
       Rapier            |       |    20 |    51 |    37 ||   108
       Spear             |       |       |    64 |       ||    64
       Flail             |       |       |    14 |       ||    14
       Punch             |       |       |     1 |       ||     1
       Falchion          |       |       |       |   311 ||   311
       Hand axe          |       |       |       |    10 ||    10
       Long sword        |       |       |       |    72 ||    72
       Scimitar          |       |       |       |    37 ||    37
       Trident           |       |       |       |    28 ||    28
Throw: Javelin           |       |       |       |     1 ||     1
 Cast: Magic Dart        |     8 |       |     1 |       ||     9
       Searing Ray       |     3 |     8 |     5 |     2 ||    18
       Iskenderun's Myst |       |     4 |    18 |    34 ||    56
       Force Lance       |       |       |    27 |    35 ||    62
       Dazzling Spray    |       |       |     8 |    22 ||    30
       Inner Flame       |       |       |     4 |     3 ||     7
       Conjure Flame     |       |       |       |    21 ||    21
       Sticky Flame      |       |       |       |     3 ||     3
Invok: Heroism           |       |       |     1 |     6 ||     7
 Abil: Breathe Acid      |       |       |    10 |     5 ||    15
  Use: Potion            |     1 |     2 |     2 |     8 ||    13
       Scroll            |       |     2 |     2 |    16 ||    20
 Stab: Sleeping          |     3 |     2 |     1 |     4 ||    10
       Invisible         |       |       |     4 |    11 ||    15
       Distracted        |       |       |     1 |     1 ||     2
  Eat: Chunk             |     5 |     7 |    30 |    26 ||    68
       Ration            |       |     2 |     5 |    10 ||    17
Armor: Skin              |    43 |    88 |   241 |   258 ||   630
Dodge: Dodged            |   124 |   183 |   392 |   732 ||  1431
       Rpst.: Falchion   |       |       |       |    91 ||    91
       Scimitar          |       |       |       |    14 ||    14
       Long sword        |       |       |       |    12 ||    12

Table legend:
 A = Non-vault XP
 B = Vault XP
 C = Vault XP percentage of total XP
 D = Non-vault monster count
 E = Vault monster count
 F = Vault count percentage of total count
                 A         B        C        D         E       F
            +---------+---------+-------+---------+---------+-------
      Total |   12768 |    6394 |  33.4 |     295 |      80 |  21.3
            +---------+---------+-------+---------+---------+-------
        D:1 |      80 |       0 |   0.0 |      29 |       0 |   0.0
        D:2 |      62 |      17 |  21.5 |      19 |       3 |  13.6
        D:3 |     120 |       0 |   0.0 |      18 |       0 |   0.0
        D:4 |     223 |       0 |   0.0 |      20 |       0 |   0.0
        D:5 |     655 |     258 |  28.3 |      26 |       5 |  16.1
        D:6 |    1460 |     891 |  37.9 |      30 |      16 |  34.8
        D:7 |    1172 |     367 |  23.8 |      32 |       2 |   5.9
        D:8 |    2186 |    2549 |  53.8 |      29 |      16 |  35.6
        D:9 |    1032 |     458 |  30.7 |      26 |       7 |  21.2
       D:10 |    2378 |    1672 |  41.3 |      34 |      21 |  38.2
       D:11 |    2768 |       0 |   0.0 |      28 |       0 |   0.0
       D:12 |      90 |       0 |   0.0 |       2 |       0 |   0.0
     Lair:1 |     542 |     182 |  25.1 |       2 |      10 |  83.3
            +---------+---------+-------+---------+---------+-------
